 Dungeon Crawl Stone Soup version 0.26.0-3-g156281e41b (webtiles) character file.

Game seed: 17982915093402776926

1923 jackrogers the Cleaver (level 8, -5/71 HPs)
             Began as a Minotaur Berserker on Jan 9, 2021.
             Was a Priest of Trog.
             Slain by an orc warrior
             ... wielding a +0 long sword
              (16 damage)
             ... on level 6 of the Dungeon.
             The game lasted 00:09:24 (5365 turns).

jackrogers the Cleaver (Minotaur Berserker)         Turns: 5365, Time: 00:09:25

Health: -5/71      AC: 13    Str: 24    XL:     8   Next: 96%
Magic:  7/7        EV: 10    Int:  4    God:    Trog [***...]
Gold:   275        SH:  0    Dex: 10    Spells: 7/7 levels left

rFire    . . .     SeeInvis .   a - +0 hand axe
rCold    . . .     Faith    .   (no shield)
rNeg     + . .     Spirit   .   e - +1 chain mail
rPois    .         Reflect  .   (helmet restricted)
rElec    .         Harm     .   w - +0 cloak
rCorr    .         Rampage  .   s - +0 pair of gloves
Will     .....                  (no boots)
Stlth    ..........             (no amulet)
HPRegen  0.21/turn              f - ring of positive energy
MPRegen  0.10/turn              (no ring)

@: no status effects
A: retaliatory headbutt, horns 2
a: Renounce Religion, Berserk, Trog's Hand


You were on level 6 of the Dungeon.
You worshipped Trog.
Trog was most pleased with you.
You visited 1 branch of the dungeon, and saw 6 of its levels.

You collected 275 gold pieces.

Inventory:

Hand Weapons
 a - a +0 hand axe (weapon)
Armour
 e - a +1 chain mail (worn)
 s - a +0 pair of gloves (worn)
 w - a +0 cloak (worn)
 y - a +0 kite shield
 A - a +2 cloak of preservation
Jewellery
 f - a ring of positive energy (left hand)
 l - an uncursed ring of wizardry
 t - an uncursed ring of teleportation
Wands
 q - a wand of flame (14)
 v - a wand of random effects (9)
 z - a wand of polymorph (7)
Scrolls
 g - 3 scrolls of identify
 i - a scroll of magic mapping {unknown}
 k - 2 scrolls of remove curse
 m - 3 scrolls of amnesia {unknown}
 r - a scroll of fear
 u - a scroll of teleportation
 x - a scroll of blinking {unknown}
Potions
 b - 2 potions of ambrosia
 c - a potion of degeneration {unknown}
 d - 2 potions of lignification {unknown}
 h - 5 potions of curing {unknown}
 j - a potion of invisibility {unknown}
 n - 2 potions of resistance {unknown}
 o - 3 potions of heal wounds {unknown}
 p - a potion of flight {unknown}


   Skills:
 - Level 6.8 Fighting
 + Level 10.8 Axes
 - Level 6.4 Armour
 - Level 4.1 Dodging
 - Level 1.0 Stealth


You had 7 spell levels left.
You didn't know any spells.
Your spell library was empty.

Dungeon Overview and Level Annotations

Branches:
Dungeon (6/15)             Temple (0/1) D:4

Altars:
Dithmenos
Gozag

Shops:
D:5 (


Innate Abilities, Weirdness & Mutations

You reflexively headbutt those who attack you in melee.
You have a pair of horns on your head.


Message History

Things that are here:
a +0 dagger; a +0 robe The orc hits you but does no damage.
The orc warrior hits you with a +0 long sword!
* * * LOW HITPOINT WARNING * * *
You hit the orc warrior. Your headbutt misses the orc warrior.
The orc warrior is moderately wounded.
You barely miss the orc. The orc closely misses you. You furiously retaliate!
You headbutt the orc. You hit the orc warrior.
The orc warrior is moderately wounded.
You barely miss the orc.
The orc warrior hits you with a +0 long sword.
* * * LOW HITPOINT WARNING * * *
The orc closely misses you.
You hit the orc. You headbutt the orc.
The orc is severely wounded.
You barely miss the orc warrior. The orc hits you but does no damage.
The orc warrior hits you with a +0 long sword!
You die...

#......#
#.#.##.#
#####.#.##.#
#...#......# .
###.#.###.####
..#...#...#.#
....#...#)#.#
#....o)(#.#
###..@o...#
#...#####
#####


You could see an orc warrior and an orc.

Vanquished Creatures
  Pikel (D:4)
  Grinder (D:5)
  Edmund (D:5)
  2 ice beasts
  2 ogres
  A phantom (D:5)
  A lemure (D:4)
  A centaur (D:5)
  A bullfrog (D:6)
  3 wights (D:6)
  3 hounds
  Crazy Yiuf (D:5)
  An orc priest (D:4)
  3 orc wizards
  A centaur skeleton (D:4)
  3 worker ants
  4 adders
  A white imp (D:5)
  An adder zombie (D:5)
  2 worms
  3 dart slugs
  3 leopard geckos
  3 orcs
  A ball python (D:5)
  12 bats
  7 giant cockroaches
  7 goblins
  11 hobgoblins
  17 jackals
  10 kobolds
  3 quokkas
  4 frilled lizards
  14 rats
129 creatures vanquished.

Vanquished Creatures (others)
  A fungus (D:1)
  4 plants
5 creatures vanquished.

Grand Total: 134 creatures vanquished

Notes
Turn   | Place    | Note
-------+----------+-------------------------------------------
     0 | D:1      | jackrogers the Minotaur Berserker began the quest for the
                  | Orb.
     0 | D:1      | Reached XP level 1. HP: 19/19 MP: 0/0
   123 | D:1      | Reached XP level 2. HP: 26/27 MP: 1/1
   540 | D:1      | Reached skill level 4 in Axes
   691 | D:1      | Reached XP level 3. HP: 32/33 MP: 2/2
   693 | D:1      | Reached ** piety under Trog
  1214 | D:2      | Reached XP level 4. HP: 39/41 MP: 3/3
  1638 | D:2      | Reached *** piety under Trog
  2120 | D:3      | Reached skill level 5 in Axes
  2532 | D:3      | Found an opulent altar of Gozag.
  2613 | D:4      | Noticed a lemure
  2614 | D:4      | Noticed a lemure
  2615 | D:4      | Noticed a lemure
  2616 | D:4      | Noticed Pikel
  2625 | D:4      | Killed a lemure
  2626 | D:4      | Killed Pikel
  2627 | D:4      | Reached skill level 5 in Fighting
  2627 | D:4      | Reached skill level 7 in Axes
  2627 | D:4      | Reached XP level 5. HP: 48/48 MP: 4/4
  2627 | D:4      | Reached XP level 6. HP: 56/56 MP: 5/5
  2627 | D:4      | Reached XP level 7. HP: 61/61 MP: 6/6
  2784 | D:4      | Found a staircase to the Ecumenical Temple.
  2976 | D:4      | Reached skill level 5 in Armour
  3741 | D:5      | Entered Level 5 of the Dungeon
  3802 | D:5      | Noticed Edmund
  3816 | D:5      | Killed Edmund
  3817 | D:5      | Reached skill level 8 in Axes
  3817 | D:5      | Reached XP level 8. HP: 61/70 MP: 7/7
  3824 | D:5      | Reached skill level 1 in Stealth
  4223 | D:5      | Noticed Grinder
  4233 | D:5      | Paralysed by Grinder for 6 turns
  4243 | D:5      | Killed Grinder
  4244 | D:5      | Reached skill level 9 in Axes
  4362 | D:5      | Found a runed translucent door.
  4586 | D:5      | Noticed Crazy Yiuf
  4670 | D:5      | Found Vuaveg's Weapon Boutique.
  4822 | D:5      | Killed Crazy Yiuf
  4900 | D:6      | Reached skill level 10 in Axes
  5055 | D:6      | Found a shadowy altar of Dithmenos.
  5365 | D:6      | Slain by an orc warrior

Illustrated notes

Levels and vault maps discovered:
D:1:      wander_arrival_fairy_ring, layout_loops_ring, st_stairs_13,
          grunt_decor_fettered
D:2:      minmay_skewed_foursquare, layout_basic, dk_noncrumbling_2,
          kennysheep_generic_room_13
D:3:      layout_basic, minivault_19,
          nicolae_gozag_cash_rules_everything_around_me
D:4:      layout_basic, minmay_temple_entry_mini_moons, uniq_pikel
D:5:      layout_basic, serial_shops, shop_statue, serial_bayou_crossing,
          uniq_edmund, uniq_grinder, uniq_crazy_yiuf_cottage
D:6:      layout_loops_corners, old_standard_altar, hex_medium

Skill      XL: |  1  2  3  4  5  6  7  8 |
---------------+-------------------------+-----
Fighting       | 4 5 6 |  6.8
Axes           | 4 7 8 10 | 10.8
Armour         | 4 5 6 |  6.4
Dodging        | 3 4 |  4.1
Stealth        | 1 |  1.0

Action                   |  1- 3 |  4- 6 |  7- 9 || total
-------------------------+-------+-------+-------++-------
Melee: Hand axe          |   110 |    88 |   155 ||   353
       Headbutt          |    11 |    15 |    23 ||    49
Invok: Berserk           |       |     1 |     4 ||     5
  Use: Scroll            |       |     5 |     1 ||     6
 Stab: Sleeping          |     1 |       |       ||     1
Armor: Animal skin       |     4 |       |       ||     4
       Chain mail        |    50 |    47 |    75 ||   172
Dodge: Dodged            |    60 |    48 |    59 ||   167
